Map: Dusk Towers

Players

Fropez

  • Race: Protoss Protoss
  • League: Silver
  • Spawn Location: 7:00

STrFox - Winner!

  • Race: Terran Terran
  • League: Gold
  • Spawn Location: 1:00

VOD

Have the link to the VOD?

Description

Time

  • Played on: May 24, 2016, 12:40 p.m.
  • Length: 16:55
Show
View Real Time Build Order
Export as new Build Order

Fropez Protoss 

Build Orders:  

Get SALT Encoding   

  12  0:02  Probe (Chrono Boost)  
  13  0:17  Pylon, Probe (Chrono Boost)  
  14  0:28  Probe (Chrono Boost)  
  15  0:35  Gateway  
  15  0:38  Probe (Chrono Boost)  
  16  0:47  Assimilator  
  16  0:49  Probe (Chrono Boost)  
  17  1:00  Probe (Chrono Boost)  
  18  1:07  Gateway  
  18  1:10  Probe (Chrono Boost)  
  19  1:15  Pylon  
  19  1:21  Pylon, Probe (Chrono Boost)  
  20  1:31  Probe (Chrono Boost), Assimilator  
  21  1:43  Cybernetics Core  
  21  1:44  Probe (Chrono Boost)  
  22  1:55  Probe (Chrono Boost)  
  23  2:05  Probe (Chrono Boost)  
  23  2:16  Probe (Chrono Boost), Gateway  
  23  2:19  Adept x2  
  28  2:27  Mothership Core (Chrono Boost)  
  28  2:28  Warp Gate (Chrono Boost)  
  30  2:37  Pylon  
  30  2:45  Probe (Chrono Boost)  
  31  2:55  Adept  
  31  2:56  Adept  
  35  2:58  Pylon  
  35  3:05  Adept  
  35  3:07  Probe  
  38  3:31  Probe  
  39  3:43  Probe  
  39  3:44  Adept x2  
  39  3:45  Adept, Forge  
  46  3:55  Probe  
  47  4:20  Protoss Ground Weapons Level 1 (Chrono Boost)  
  47  4:29  Robotics Facility  
  47  4:39  Pylon  
  47  4:46  Nexus  
  47  4:57  Probe  
  48  5:09  Probe  
  48  5:13  Adept x3  
  55  5:24  Pylon  
  55  5:29  Photon Cannon  
  55  5:36  Photon Cannon  
  55  5:42  Pylon, Probe  
  56  5:44  Pylon  
  56  5:52  Warp Prism (Chrono Boost)  
  56  5:54  Probe  
  59  6:02  Probe  
  60  6:05  Twilight Council  
  60  6:07  Pylon  
  60  6:08  Pylon  
  60  6:10  Probe  
  61  6:23  Probe  
  61  6:24  Probe  
  63  6:31  Pylon, Blink (Chrono Boost)  
  63  6:34  Pylon  
  63  6:42  Probe  
  63  6:43  Probe  
  65  6:48  Protoss Ground Weapons Level 2 (Chrono Boost)  
  65  6:53  Immortal  
  69  7:06  Probe  
  69  7:07  Probe, Templar Archives  
  71  7:24  Probe x2, Assimilator  
  71  7:28  Assimilator  
  73  7:40  Stalker x3  
  83  7:44  Immortal  
  83  7:58  Gateway  
  83  8:02  Gateway  
  83  8:05  Gateway  
  83  8:09  Nexus  
  61  9:02  High Templar x2  
  65  9:06  Archon  
  65  9:27  Immortal  
  65  9:29  Protoss Ground Weapons Level 3 (Chrono Boost)  
  69  9:37  Gateway  
  69  9:43  Zealot x2  
  69  9:44  Zealot x4  
  69  9:45  Gateway  
  51  10:28  Probe x2  
  51  10:33  Stalker  
  51  10:34  Stalker x5  
  63  10:40  Probe  
  64  11:02  High Templar x5  
  64  11:03  High Templar  
  76  11:06  Archon x2  
  76  11:07  Archon  
  68  11:25  Probe x2  
  66  11:37  Probe  
  67  11:49  Gateway  
  67  11:50  Gateway  
  67  11:58  Pylon  
  67  12:06  Protoss Ground Armor Level 1 (Chrono Boost)  
  67  12:13  Immortal  
  71  12:28  Probe  
  72  12:53  Observer  
  73  13:02  Nexus  
  73  13:06  Assimilator  
  73  13:11  Assimilator  
  73  13:12  Pylon  
  71  13:45  Probe x2  
  73  13:53  Stalker x3  
  73  13:54  Stalker x3  
  73  13:55  Stalker  
  87  13:56  Stalker  
  89  14:07  Probe  
  89  14:09  Probe  
  91  14:13  Probe  
  92  14:28  Pylon  
  92  14:29  Probe  
  92  14:30  Probe  
  92  14:31  Probe  
  95  14:46  Probe x3  
  95  14:51  High Templar x3  
  95  14:52  High Templar x6  
  116  14:56  Archon x3  
  114  15:10  Archon  
  114  15:11  Psionic Storm  
  114  15:14  Probe  
  114  15:15  Probe  
  114  15:16  Probe  
  117  15:27  Stalker x5  
  127  15:34  Observer  
  91  16:02  Stalker x3  
  91  16:03  Stalker  
  87  16:06  Zealot x3  
  87  16:07  Zealot  
  46  16:51  Zealot x5  
  46  16:52  Zealot  
Show
View Real Time Build Order
Export as new Build Order

STrFox Terran - Winner!

Build Orders: Reaper Expand 

Get SALT Encoding   

  12  0:01  SCV  
  13  0:14  SCV  
  14  0:22  Supply Depot  
  14  0:26  SCV  
  15  0:45  Barracks  
  15  0:47  SCV  
  15  0:48  Refinery  
  16  0:59  SCV  
  17  1:27  Command Center  
  17  1:34  Orbital Command  
  17  1:37  Reaper  
  18  2:00  SCV, Supply Depot  
  19  2:13  Reaper  
  20  2:21  Refinery  
  20  2:42  SCV  
  20  2:43  SCV  
  22  2:45  Reaper  
  23  2:52  Factory  
  23  2:55  SCV  
  23  2:57  SCV  
  25  3:07  SCV  
  25  3:09  SCV  
  27  3:17  Marine  
  27  3:19  SCV  
  29  3:22  Barracks  
  28  3:34  Marine  
  28  3:35  Bunker  
  28  3:40  Factory Tech Lab  
  29  3:43  Engineering Bay  
  29  3:44  SCV  
  29  3:47  Orbital Command  
  30  3:56  SCV  
  31  4:19  Siege Tank, Barracks Tech Lab  
  31  4:21  Starport  
  31  4:23  Barracks  
  34  4:24  SCV  
  34  4:29  Missile Turret  
  35  4:36  SCV  
  36  4:45  SCV  
  37  4:46  Barracks Tech Lab  
  37  4:48  SCV, Supply Depot  
  37  4:50  Marauder  
  40  4:57  SCV  
  41  5:09  SCV  
  41  5:10  Siege Tank  
  41  5:11  Medivac  
  41  5:12  Barracks Reactor  
  47  5:21  SCV, Marauder  
  50  5:31  Concussive Shells, Combat Shields  
  50  5:33  SCV  
  51  5:42  Marauder  
  53  5:45  SCV  
  54  5:56  Supply Depot x2  
  54  6:17  Marine x2, Siege Tank  
  54  6:18  Marauder x2  
  63  6:20  Supply Depot  
  63  6:22  Supply Depot  
  63  6:23  Medivac  
  65  6:35  Marine x2  
  65  6:39  Marauder  
  69  6:42  Marauder, Terran Infantry Armor Level 1  
  69  6:43  SCV  
  69  6:45  Refinery  
  72  6:47  Refinery  
  72  6:53  Marine x2  
  74  6:55  Supply Depot, Command Center  
  74  6:56  SCV  
  75  7:08  SCV  
  76  7:11  Marine x2  
  76  7:15  Siege Tank  
  81  7:17  Marauder  
  81  7:18  Marauder  
  81  7:20  SCV  
  86  7:24  Starport Reactor  
  86  7:28  Marine x2  
  88  7:32  SCV  
  89  7:44  SCV  
  89  7:46  Marine x2  
  92  7:55  Barracks  
  92  7:56  SCV  
  93  8:04  Marine  
  93  8:05  Supply Depot  
  94  8:06  Marine, Medivac x2  
  94  8:08  SCV  
  94  8:10  Supply Depot  
  100  8:19  Orbital Command  
  100  8:20  SCV  
  100  8:22  Marine  
  100  8:24  Marine  
  103  8:32  SCV  
  103  8:33  Supply Depot  
  104  8:36  Terran Infantry Weapons Level 1  
  104  8:40  Marine  
  102  8:41  Marine  
  102  8:43  Barracks  
  103  8:57  Marine  
  103  8:59  Marine  
  105  9:08  Siege Tank  
  108  9:12  Medivac x2  
  108  9:14  Marauder x2  
  108  9:15  Stimpack, Marine  
  117  9:17  Marine, SCV  
  118  9:30  SCV  
  119  9:33  Marine  
  119  9:35  Marine, Marauder  
  123  9:40  Siege Tank  
  123  9:42  SCV  
  127  9:51  Marine  
  126  10:12  Siege Tank  
  124  10:28  Marine x3  
  122  10:29  Marine  
  125  10:47  Marauder x2  
  125  10:48  Orbital Command  
  126  10:54  Marine x2, Barracks Reactor  
  126  10:55  Marine  
  124  11:08  Marauder x2  
  128  11:11  Marine  
  128  11:23  Viking  
  128  11:24  Viking  
  132  11:30  Marauder  
  134  11:51  Missile Turret  
  134  11:52  Missile Turret  
  134  11:53  SCV  
  135  12:05  SCV  
  136  12:18  SCV  
  137  12:26  Armory, Missile Turret  
  137  12:30  SCV  
  137  12:31  Missile Turret  
  137  12:42  SCV  
  138  12:50  Marine  
  138  12:51  Marine x3  
  140  12:53  Medivac  
  140  12:54  Siege Tank, Medivac  
  149  13:14  Barracks Reactor  
  149  13:22  Supply Depot  
  149  13:23  Supply Depot x2  
  149  13:24  Supply Depot  
  149  13:25  Supply Depot  
  149  13:26  Supply Depot, Command Center  
  149  13:27  Command Center  
  149  13:29  Supply Depot  
  149  13:43  Marine x6, SCV  
  149  13:44  Siege Tank  
  159  13:56  SCV  
  159  14:01  Marine x4  
  164  14:08  SCV  
  165  14:16  Refinery x2  
  165  14:20  SCV  
  166  14:40  Orbital Command x2  
  164  15:15  Marine  
  164  15:16  Marine x4  
  164  15:17  Marine, Marauder x2  
  164  15:18  Medivac x2  
  178  15:38  Marauder  
  178  15:39  Marauder  
  182  15:48  Medivac  
  171  16:00  Marauder  
Tags
 
Matchup
PvT
Replay Pack
All Mines
Spawn Locations
Cross Positions
Add a new tag
Caveats
  • Supply blocks, unpowered buildings, or Contaminate may cause inaccurate times.
  • Supply counts are checked every 10 seconds.